TOP OF THE 1ST |
Auburn Doubledays batting - Pitching for Brooklyn Cyclones : LHP Brad Guffin
|
Pitching: LHP Brad Guffin
|
|
Batting: RHB John Savard
|
0-0: Ball 1-0: Ball 2-0: Ball 3-0: Base on Balls
|
Batting: LHB Chance McWilliams
|
0-0: Ball 1-0: Called Strike John Savard is caught stealing 2nd base 2-6 1-1: Swinging Strike 1-2: Ball 2-2: Fly out, F9 (Flyball, 9D, EV 102.5 MPH)
|
Batting: RHB Nick Moreno
|
0-0: Ball 1-0: Called Strike 1-1: Ball 2-1: Ground out 6-3 (Groundball, 6S, EV 84.4 MPH)
|
Top of the 1st over - 0 runs, 0 hits, 0 errors, 0 left on base; Auburn 0 - Brooklyn 0 |
BOTTOM OF THE 1ST |
Brooklyn Cyclones batting - Pitching for Auburn Doubledays : LHP Ed Thorpe Jr.
|
Pitching: LHP Ed Thorpe Jr.
|
|
Batting: LHB Elmo Dreier
|
0-0: Ball 1-0: Ground out 3-1 (Groundball, 34, EV 93.8 MPH)
|
Batting: SHB Callum Lynch
|
0-0: Ground out 6-3 (Groundball, 56, EV 81.2 MPH)
|
Batting: RHB Jake Geib
|
0-0: Called Strike 0-1: Ball 1-1: Called Strike 1-2: Ball 2-2: SINGLE (Groundball, 4MD, EV 96.2 MPH)
|
Batting: RHB Jayden Copeland
|
0-0: Ball Jake Geib is caught stealing 2nd base 2-4
|
Bottom of the 1st over - 0 runs, 1 hit, 0 errors, 0 left on base; Auburn 0 - Brooklyn 0 |
TOP OF THE 2ND |
Auburn Doubledays batting - Pitching for Brooklyn Cyclones : LHP Brad Guffin
|
Batting: RHB Naofumi Ishida
|
0-0: Called Strike 0-1: Ball 1-1: Foul Ball, location: 2F 1-2: Fly out, F9 (Line Drive, 9S, EV 95.6 MPH)
|
Batting: RHB Lamar Thornton
|
0-0: Called Strike 0-1: Foul Ball, location: 2F 0-2: Ball 1-2: Ground out 4-3 (Groundball, 4, EV 80.6 MPH)
|
Batting: RHB Antonio Vallez
|
0-0: Ball 1-0: Foul Ball, location: 2F 1-1: Foul Ball, location: 2F 1-2: Ball 2-2: Foul Ball, location: 2F 2-2: Ball 3-2: Strikes out looking
|
Top of the 2nd over - 0 runs, 0 hits, 0 errors, 0 left on base; Auburn 0 - Brooklyn 0 |
BOTTOM OF THE 2ND |
Brooklyn Cyclones batting - Pitching for Auburn Doubledays : LHP Ed Thorpe Jr.
|
Batting: RHB Jayden Copeland
|
0-0: Foul Ball, location: 2F 0-1: Called Strike 0-2: SINGLE (Groundball, 5D, EV 98.1 MPH)
|
Batting: RHB Victor Reyes
|
0-0: Ball 1-0: Called Strike 1-1: Foul Ball, location: 2F 1-2: Ball 2-2: Fly out, F8 (Flyball, 78M, EV 91.2 MPH)
|
Batting: RHB Frank Shaw
|
0-0: Ball 1-0: Called Strike 1-1: Ball 2-1: Grounds into double play, 5-4-3 (Groundball, 56D, EV 101.2 MPH)
|
Bottom of the 2nd over - 0 runs, 1 hit, 0 errors, 0 left on base; Auburn 0 - Brooklyn 0 |
TOP OF THE 3RD |
Auburn Doubledays batting - Pitching for Brooklyn Cyclones : LHP Brad Guffin
|
Batting: RHB Jelexiz Cuenca
|
0-0: Called Strike 0-1: Foul Ball, location: 2F 0-2: Strikes out looking
|
Batting: SHB Ed Thorpe Jr.
|
0-0: Ball 1-0: Ball 2-0: Ball 3-0: Called Strike 3-1: Swinging Strike 3-2: Ground out 5-3 (Groundball, 5S, EV 70.0 MPH)
|
Batting: LHB Jim Weidman
|
0-0: Called Strike 0-1: Ball 1-1: Called Strike 1-2: Ball 2-2: Fly out, F5 (Popup, 5L, EV 62.5 MPH)
|
Top of the 3rd over - 0 runs, 0 hits, 0 errors, 0 left on base; Auburn 0 - Brooklyn 0 |
BOTTOM OF THE 3RD |
Brooklyn Cyclones batting - Pitching for Auburn Doubledays : LHP Ed Thorpe Jr.
|
Batting: RHB Tom Primmer
|
0-0: Foul Ball, location: 2F 0-1: Fly out, F8 (Flyball, 89M, EV 90.0 MPH)
|
Batting: RHB Jack Nickleberry
|
0-0: Called Strike 0-1: Called Strike 0-2: Strikes out looking
|
Batting: RHB Roberto Delgado
|
0-0: Called Strike 0-1: SINGLE (Groundball, 6MS, EV 65.6 MPH) (infield hit)
|
Batting: LHB Elmo Dreier
|
0-0: Ball 1-0: Swinging Strike 1-1: Swinging Strike 1-2: SINGLE (Line Drive, 8RS, EV 95.6 MPH) Roberto Delgado to second
|
Batting: SHB Callum Lynch
|
0-0: Ball 1-0: Called Strike 1-1: Swinging Strike 1-2: Ball 2-2: Ball 3-2: Ground out 5-3 (Groundball, 56, EV 89.4 MPH)
|
Bottom of the 3rd over - 0 runs, 2 hits, 0 errors, 2 left on base; Auburn 0 - Brooklyn 0 |
TOP OF THE 4TH |
Auburn Doubledays batting - Pitching for Brooklyn Cyclones : LHP Brad Guffin
|
Batting: RHB John Savard
|
0-0: Swinging Strike 0-1: Ball 1-1: Reached on error, E3 (Groundball, 3L, EV 100.6 MPH)
|
Batting: LHB Chance McWilliams
|
0-0: Called Strike 0-1: Ball 1-1: Ball 2-1: Foul Ball, location: 2F 2-2: Ball 3-2: Base on Balls John Savard to second
|
Batting: RHB Nick Moreno
|
0-0: Foul Ball, location: 2F 0-1: Fielders Choice at 2nd, 6-4 (Groundball, 6M, EV 85.6 MPH) John Savard to third
|
Batting: RHB Naofumi Ishida
|
0-0: Ball Pickoff Throw to First - Out! 1-3 1-0: Ball 2-0: Ball 3-0: Called Strike 3-1: Swinging Strike 3-2: Base on Balls
|
Batting: RHB Lamar Thornton
|
0-0: Ball 1-0: Fly out, F8 (Line Drive, 8RM, EV 86.9 MPH)
|
Top of the 4th over - 0 runs, 0 hits, 1 error, 2 left on base; Auburn 0 - Brooklyn 0 |
BOTTOM OF THE 4TH |
Brooklyn Cyclones batting - Pitching for Auburn Doubledays : LHP Ed Thorpe Jr.
|
Batting: RHB Jake Geib
|
0-0: Ball 1-0: Ball 2-0: Ball 3-0: Called Strike 3-1: Swinging Strike 3-2: Strikes out looking
|
Batting: RHB Jayden Copeland
|
0-0: Called Strike 0-1: Ground out 6-3 (Groundball, 56, EV 84.4 MPH)
|
Batting: RHB Victor Reyes
|
0-0: Ball 1-0: Called Strike 1-1: Ball 2-1: Swinging Strike 2-2: Ball 3-2: Strikes out looking
|
Bottom of the 4th over - 0 runs, 0 hits, 0 errors, 0 left on base; Auburn 0 - Brooklyn 0 |
TOP OF THE 5TH |
Auburn Doubledays batting - Pitching for Brooklyn Cyclones : LHP Brad Guffin
|
Batting: RHB Antonio Vallez
|
0-0: Ball 1-0: Called Strike 1-1: Ball 2-1: Foul Ball, location: 2F 2-2: Fly out, F6 (Line Drive, 6M, EV 66.2 MPH)
|
Batting: RHB Jelexiz Cuenca
|
0-0: Called Strike 0-1: Called Strike 0-2: Foul Ball, location: 2F 0-2: Foul Ball, location: 2F 0-2: Foul Ball, location: 2F 0-2: Ball 1-2: Ball 2-2: Ball 3-2: Strikes out swinging
|
Batting: SHB Ed Thorpe Jr.
|
0-0: Ball 1-0: Ground out 6-3 (Groundball, 56, EV 89.4 MPH)
|
Top of the 5th over - 0 runs, 0 hits, 0 errors, 0 left on base; Auburn 0 - Brooklyn 0 |
BOTTOM OF THE 5TH |
Brooklyn Cyclones batting - Pitching for Auburn Doubledays : LHP Ed Thorpe Jr.
|
Batting: RHB Frank Shaw
|
0-0: Fly out, F9 (Flyball, 89M, EV 95.0 MPH)
|
Batting: RHB Tom Primmer
|
0-0: Ball 1-0: Called Strike 1-1: Ball 2-1: Ball 3-1: Base on Balls
|
Batting: RHB Jack Nickleberry
|
0-0: Ball Tom Primmer is caught stealing 2nd base 2-4 1-0: SINGLE (Groundball, 56D, EV 95.6 MPH)
|
Batting: RHB Roberto Delgado
|
0-0: Ball 1-0: Fly out, F7 (Flyball, 7, EV 89.4 MPH)
|
Bottom of the 5th over - 0 runs, 1 hit, 0 errors, 1 left on base; Auburn 0 - Brooklyn 0 |
TOP OF THE 6TH |
Auburn Doubledays batting - Pitching for Brooklyn Cyclones : LHP Brad Guffin
|
Pitching: RHP Gwidon Kaminski
|
|
Batting: LHB Jim Weidman
|
0-0: Ball 1-0: Called Strike 1-1: Ball 2-1: Ground out 4-3 (Groundball, 34, EV 99.4 MPH)
|
Batting: RHB John Savard
|
0-0: Ground out U3 (Groundball, 34, EV 101.2 MPH)
|
Batting: LHB Chance McWilliams
|
0-0: Called Strike 0-1: Ball 1-1: SINGLE (Groundball, 4D, EV 93.8 MPH)
|
Batting: RHB Nick Moreno
|
0-0: Foul Ball, location: 2F 0-1: Foul Ball, location: 2F 0-2: Strikes out swinging
|
Top of the 6th over - 0 runs, 1 hit, 0 errors, 1 left on base; Auburn 0 - Brooklyn 0 |
BOTTOM OF THE 6TH |
Brooklyn Cyclones batting - Pitching for Auburn Doubledays : LHP Ed Thorpe Jr.
|
Batting: LHB Elmo Dreier
|
0-0: Ground out 5-3 (Groundball, 56, EV 84.4 MPH)
|
Batting: SHB Callum Lynch
|
0-0: Bunt missed! 0-1: Foul Ball, location: 2F 0-2: Foul Ball, location: 2F 0-2: Ball 1-2: Foul Ball, location: 2F 1-2: Ground out 4-3 (Groundball, 4S, EV 79.4 MPH)
|
Batting: RHB Jake Geib
|
0-0: Ball 1-0: Ball 2-0: Foul Ball, location: 2F 2-1: Ball 3-1: Called Strike 3-2: Base on Balls
|
Pitching: RHP Chris Bonham
|
|
Batting: RHB Jayden Copeland
|
0-0: Foul Ball, location: 2F 0-1: Ball 1-1: Swinging Strike 1-2: Foul Ball, location: 2F 1-2: Foul Ball, location: 2F 1-2: Strikes out swinging
|
Bottom of the 6th over - 0 runs, 0 hits, 0 errors, 1 left on base; Auburn 0 - Brooklyn 0 |
TOP OF THE 7TH |
Auburn Doubledays batting - Pitching for Brooklyn Cyclones : RHP Gwidon Kaminski
|
Batting: RHB Naofumi Ishida
|
0-0: Ball 1-0: Ball 2-0: Ball 3-0: Base on Balls
|
Batting: RHB Lamar Thornton
|
0-0: Called Strike 0-1: Foul Ball, location: 2F 0-2: SINGLE (Line Drive, 7S, EV 87.5 MPH) Naofumi Ishida to second
|
Batting: RHB Antonio Vallez
|
0-0: Bunted foul 0-1: Bunted foul 0-2: Ground out 5-3 (Groundball, 56S, EV 71.9 MPH) Naofumi Ishida to third Lamar Thornton to second
|
Batting: RHB Jelexiz Cuenca
|
0-0: Foul Ball, location: 2F 0-1: Ball 1-1: Swinging Strike 1-2: Foul Ball, location: 2F 1-2: Ball 2-2: Strikes out swinging
|
Batting: SHB Ed Thorpe Jr.
|
0-0: Called Strike 0-1: Ball 1-1: Called Strike 1-2: Foul Ball, location: 2F 1-2: Foul Ball, location: 2F 1-2: Strikes out looking
|
Top of the 7th over - 0 runs, 1 hit, 0 errors, 2 left on base; Auburn 0 - Brooklyn 0 |
BOTTOM OF THE 7TH |
Brooklyn Cyclones batting - Pitching for Auburn Doubledays : RHP Chris Bonham
|
Pinch Hitting: LHB Miguel Ramos
|
0-0: Ball 1-0: Foul Ball, location: 2F 1-1: Swinging Strike 1-2: Strikes out swinging
|
Batting: RHB Frank Shaw
|
0-0: Ground out 6-3 (Groundball, 6, EV 82.5 MPH)
|
Batting: RHB Tom Primmer
|
0-0: Ball 1-0: Swinging Strike 1-1: Ground out 6-3 (Groundball, 6, EV 105.0 MPH)
|
Bottom of the 7th over - 0 runs, 0 hits, 0 errors, 0 left on base; Auburn 0 - Brooklyn 0 |
TOP OF THE 8TH |
Auburn Doubledays batting - Pitching for Brooklyn Cyclones : RHP Gwidon Kaminski
|
Now at 2B: Matt Tittle
|
|
Batting: LHB Jim Weidman
|
0-0: Ball 1-0: Called Strike 1-1: Ball 2-1: Foul Ball, location: 2F 2-2: Strikes out swinging
|
Batting: RHB John Savard
|
0-0: Swinging Strike 0-1: Ball 1-1: Ball 2-1: Ground out 5-3 (Groundball, 5S, EV 76.9 MPH)
|
Pitching: LHP Jose Diaz
|
|
Pinch Hitting: RHB Deshawn Boseman
|
0-0: Swinging Strike 0-1: Foul Ball, location: 2F 0-2: Foul Ball, location: 2F 0-2: Strikes out looking
|
Top of the 8th over - 0 runs, 0 hits, 0 errors, 0 left on base; Auburn 0 - Brooklyn 0 |
BOTTOM OF THE 8TH |
Brooklyn Cyclones batting - Pitching for Auburn Doubledays : RHP Chris Bonham
|
Now in LF: Deshawn Boseman
|
|
Batting: RHB Jack Nickleberry
|
0-0: Ground out 5-3 (Groundball, 5L, EV 85.6 MPH)
|
Batting: LHB Brian Levensailor
|
0-0: SINGLE (Groundball, 34S, EV 63.8 MPH) (infield hit)
|
Batting: LHB Elmo Dreier
|
0-0: Ball Brian Levensailor is caught stealing 2nd base 2-6 1-0: Ground out 5-3 (Groundball, 56, EV 83.1 MPH)
|
Bottom of the 8th over - 0 runs, 1 hit, 0 errors, 0 left on base; Auburn 0 - Brooklyn 0 |
TOP OF THE 9TH |
Auburn Doubledays batting - Pitching for Brooklyn Cyclones : LHP Jose Diaz
|
Pitching: LHP Scott Carr
|
|
Batting: RHB Nick Moreno
|
0-0: Called Strike 0-1: Foul Ball, location: 2F 0-2: Ball 1-2: Ball 2-2: Strikes out swinging
|
Pitching: RHP Leo Burgos
|
|
Batting: RHB Naofumi Ishida
|
0-0: Ground out 4-3 (Groundball, 4, EV 85.6 MPH)
|
Batting: RHB Lamar Thornton
|
0-0: Called Strike 0-1: Called Strike 0-2: Foul Ball, location: 2F 0-2: Ball 1-2: Ball 2-2: Ball 3-2: Ground out 5-3 (Groundball, 56, EV 81.9 MPH)
|
Top of the 9th over - 0 runs, 0 hits, 0 errors, 0 left on base; Auburn 0 - Brooklyn 0 |
BOTTOM OF THE 9TH |
Brooklyn Cyclones batting - Pitching for Auburn Doubledays : RHP Chris Bonham
|
Batting: SHB Callum Lynch
|
0-0: Ball 1-0: Reached on error, E4 (Groundball, 4M, EV 91.2 MPH)
|
Batting: RHB Jake Geib
|
0-0: Foul Ball, location: 2F 0-1: SINGLE (Groundball, 56, EV 108.8 MPH) Callum Lynch to second
|
Batting: RHB Jayden Copeland
|
Balk! Callum Lynch to third Jake Geib to second 0-0: Intentional Walk
|
Batting: RHB Matt Tittle
|
0-0: Called Strike 0-1: Swinging Strike 0-2: Ball 1-2: Ball 2-2: Strikes out swinging
|
Batting: RHB Frank Shaw
|
0-0: Ball 1-0: Grounds into double play, 6-2-3 (Groundball, 6, EV 89.4 MPH)
|
Bottom of the 9th over - 0 runs, 1 hit, 1 error, 2 left on base; Auburn 0 - Brooklyn 0 |
TOP OF THE 10TH |
Auburn Doubledays batting - Pitching for Brooklyn Cyclones : RHP Leo Burgos
|
Batting: RHB Antonio Vallez
|
0-0: Ball 1-0: Ball 2-0: Called Strike 2-1: Ball 3-1: Swinging Strike 3-2: DOUBLE (Groundball, 5L, EV 98.1 MPH)
|
Batting: RHB Jelexiz Cuenca
|
0-0: Called Strike 0-1: Ball Passed Ball! Antonio Vallez to third 1-1: Foul Ball, location: 2F 1-2: Foul Ball, location: 2F 1-2: Foul Ball, location: 2F 1-2: Strikes out looking
|
Batting: SHB Ed Thorpe Jr.
|
0-0: Called Strike 0-1: Foul Ball, location: 2F 0-2: Foul Ball, location: 2F 0-2: Ball 1-2: Ball 2-2: Foul Ball, location: 2F 2-2: Foul Ball, location: 2F 2-2: Foul Ball, location: 2F 2-2: Foul Ball, location: 2F 2-2: Strikes out looking
|
Batting: LHB Jim Weidman
|
0-0: Ball 1-0: Ball 2-0: Foul Ball, location: 2F 2-1: Called Strike 2-2: Foul Ball, location: 2F 2-2: Ball 3-2: Strikes out looking
|
Top of the 10th over - 0 runs, 1 hit, 0 errors, 1 left on base; Auburn 0 - Brooklyn 0 |
BOTTOM OF THE 10TH |
Brooklyn Cyclones batting - Pitching for Auburn Doubledays : RHP Chris Bonham
|
Pitching: RHP Chris Doty
|
|
Batting: RHB Tom Primmer
|
0-0: Ball 1-0: Ball 2-0: Ground out 4-3 (Groundball, 4S, EV 57.5 MPH)
|
Batting: RHB Jack Nickleberry
|
0-0: Ball 1-0: SINGLE (Line Drive, 56, EV 97.5 MPH)
|
Batting: LHB Brian Levensailor
|
0-0: Ball Jack Nickleberry steals 2nd base 1-0: DOUBLE (Line Drive, 89XD, EV 97.5 MPH) Jack Nickleberry scores
|
Bottom of the 10th over - 1 run, 2 hits, 0 errors, 1 left on base; Auburn 0 - Brooklyn 1 |
|